Monarchs vs Griffins
Created - April 26, 2018 at 19:25
Goals
|
| Monarchs |
1 |
0 |
1 |
2 |
| Griffins |
2 |
6 |
0 |
8 |
|
Shots
|
| Monarchs |
18 |
14 |
3 |
35 |
| Griffins |
14 |
17 |
3 |
34 |
|
1st period
1. Griffins , Jan Mursak 21 (Nathan Oystrick 17, Petter Granberg 13) at 6:42
2. Griffins , Ben Hanowski 21 (Lukas Krajicek 22, Oscar Klefbom 39) at 15:13
3. Monarchs , Bobby Sanguinetti 5 (Kyle Clifford 21, Jean-Gabriel Pageau 48) at 18:21 (PP)
Penalties :
Petr Pohl (Cap) for Hooking (Minor) at 17:03
2nd period
4. Griffins , Petr Pohl 52 (Justin Braun 23) at 2:51
5. Griffins , Oscar Klefbom 9 (Lukas Krajicek 23) at 5:54 (PP)
6. Griffins , Jamie Arniel 47 (Tye McGinn 47, Petr Pohl 73) at 13:02
7. Griffins , Robert Dome 23 (Lukas Krajicek 24, Ben Hanowski 22) at 14:59
8. Griffins , Petr Pohl 53 (Jamie Arniel 68, Gord Baldwin 18) at 15:09
9. Griffins , Jan Mursak 22 (Mike Duco 25, Robert Dome 33) at 17:08
Penalties :
Jean-Gabriel Pageau (MAN) for Slashing (Minor) at 5:23, J.T. Brown (Cap) for Hooking (Minor) at 6:36, Petr Pohl (Cap) for Interference (Minor) at 19:40
3rd period
10. Monarchs , Connor Brown 30 (Rickard Rakell 20, Morgan Rielly 14) at 11:35
Penalties :
Petr Pohl (Cap) for Tripping (Minor) at 5:11, Ludwig Bystrom (MAN) for Holding (Minor) at 19:43
Goalie Stats
Jeff Frazee (MAN), 18 saves from 22 shots - (0.818), L, 2-4-0, 48:46 minutes
Niklas Backstrom (MAN), 8 saves from 12 shots - (0.667), 11:14 minutes
Jason Missiaen (Cap), 33 saves from 35 shots - (0.943), W, 33-19-5, 60:00 minutes
Players Stats for Monarchs
Player Name G A P +/- PIM S H SB GA TA FO MP PP MP PK MP
------------------------------------------------------------------------------------
Bobby Sanguinetti 1 0 1 -1 0 4 1 3 1 0 0/0 19:05 2:43 0:00
Chris Tierney 0 0 0 -1 0 0 0 0 0 0 2/3 8:52 0:00 0:00
Colton Parayko 0 0 0 -2 0 1 2 2 1 1 0/0 27:12 4:32 0:47
Connor Brown 1 0 1 -1 0 4 3 0 0 0 0/0 16:53 3:37 0:00
Eric Wellwood 0 0 0 -1 0 2 1 0 2 0 0/1 14:29 0:00 0:47
Jean-Gabriel Pageau 0 1 1 -3 2 1 3 0 1 0 12/20 20:34 3:35 0:00
Jeff Skinner 0 0 0 -1 0 1 2 0 1 0 0/0 12:56 0:06 0:00
Jon Merrill 0 0 0 -2 0 3 4 0 0 2 0/0 27:12 4:32 0:47
Kyle Clifford 0 1 1 -3 0 6 3 1 1 0 1/3 21:22 3:35 0:47
Ludwig Bystrom 0 0 0 -3 2 2 0 0 0 0 0/0 13:42 0:00 0:00
Morgan Rielly 0 1 1 -2 0 0 0 0 0 0 0/0 16:44 2:43 0:00
Nail Yakupov 0 0 0 -1 0 1 1 0 0 0 0/0 8:52 0:00 0:00
Pierre-Alexandre Parente 0 0 0 -3 0 3 2 1 1 0 2/3 20:35 3:35 0:00
Rickard Rakell 0 1 1 -1 0 0 0 1 1 0 3/4 12:53 0:03 0:00
Teuvo Teravainen 0 0 0 -1 0 3 1 0 1 0 1/1 12:08 3:37 0:00
Tobias Rieder 0 0 0 -1 0 1 0 0 0 0 0/0 12:45 0:00 0:00
Ty Wishart 0 0 0 -2 0 2 1 2 0 0 0/0 16:04 0:00 0:00
Tyler Toffoli 0 0 0 -1 0 1 0 0 1 0 10/17 16:53 3:37 0:00
Players Stats for Griffins
Player Name G A P +/- PIM S H SB GA TA FO MP PP MP PK MP
------------------------------------------------------------------------------------
Ben Hanowski 1 1 2 2 0 6 1 0 0 0 0/0 14:51 0:11 0:00
Devin Shore 0 0 0 2 0 1 1 0 0 0 4/9 16:43 0:11 1:52
Gord Baldwin 0 1 1 3 0 0 0 0 0 3 0/0 22:34 0:00 3:59
Greg Mauldin 0 0 0 0 0 0 0 0 0 0 1/2 11:02 0:00 0:00
J.T. Brown 0 0 0 0 2 4 0 0 0 0 0/0 11:07 0:00 0:00
Jamie Arniel 1 1 2 3 0 2 4 1 1 1 12/33 22:28 0:36 4:29
Jan Mursak 2 0 2 1 0 4 0 0 0 0 0/0 9:47 0:00 0:54
Justin Braun 0 1 1 3 0 2 0 1 0 1 0/0 18:29 0:00 3:16
Lukas Krajicek 0 3 3 2 0 2 2 1 0 0 0/0 21:04 0:47 3:59
Mike Duco 0 1 1 1 0 1 1 0 1 1 0/0 9:47 0:00 0:54
Nathan Oystrick 0 1 1 0 0 0 0 2 0 0 0/0 6:15 0:00 0:16
Oscar Klefbom 1 1 2 4 0 2 1 2 0 1 0/0 23:07 0:47 0:26
Petr Pohl 2 1 3 3 6 5 3 0 0 1 2/2 19:05 0:36 1:07
Petter Granberg 0 1 1 -1 0 1 5 1 0 0 0/0 11:41 0:00 0:00
Pontus Aberg 0 0 0 0 0 1 0 0 0 1 0/0 12:35 0:00 1:33
Quinton Howden 0 0 0 1 0 1 0 0 0 0 0/3 8:51 0:00 0:00
Robert Dome 1 1 2 2 0 1 2 0 0 1 1/1 15:28 0:36 0:12
Simon Despres 0 0 0 1 0 0 1 1 0 1 0/0 16:50 0:00 2:34
Tye McGinn 0 1 1 3 0 1 0 1 1 0 1/2 20:57 0:11 3:29
3 Stars
1 - Jamie Arniel (Cap)
2 - Oscar Klefbom (Cap)
3 - Petr Pohl (Cap)
Power Play
Monarchs - 1 on 4 Attempt(s) - 25.00%
Griffins - 1 on 2 Attempt(s) - 50.00%
Penalty Kill
Monarchs - 1 on 2 Attempt(s) - 50.00%
- Score 0 goal in Penalty Kill
Griffins - 3 on 4 Attempt(s) - 75.00%
- Score 0 goal in Penalty Kill
Team Stat
Monarchs - Hits : 24 - Faceoff Wins : 31 - Blocked Shots : 10 - Penalty Minutes : 4
Griffins - Hits : 21 - Faceoff Wins : 21 - Blocked Shots : 10 - Penalty Minutes : 8
Official
Referees : O'Halloran Dan and Kozari Steve
Linesman : Don Henderson and Thor Nelson
Game Notes
Nathan Oystrick is injured at 0:39 of 2nd period (Herniated Disc)
Niklas Backstrom enters game at 5:54 of 2nd period
Jeff Frazee enters game at 17:08 of 2nd period
Finance
Level 1 -- Attendance: 1579 (78.95%) -- Ticket Income $55,265
Level 2 -- Attendance: 721 (72.10%) -- Ticket Income $14,420
Total Attendance: 2300 (76.67%)
Total Ticket Income: $69,685
Other Income: $3,484
Total Income: $73,169
Monarchs
5 vs 5 Forward
Center Left Wing Right Wing Time % Phy DF OF
1 Jean-Gabriel Pageau Kyle Clifford Pierre-Alexandre Parentea40 1 2 2
2 Tyler Toffoli Eric Wellwood Connor Brown 30 1 2 2
3 Rickard Rakell Jeff Skinner Tobias Rieder 20 1 2 2
4 Chris Tierney Teuvo Teravainen Nail Yakupov 10 1 2 2
5 vs 5 Defense
Defense Defense Time % Phy DF OF
1 Jon Merrill Colton Parayko 40 1 2 2
2 Bobby Sanguinetti Ty Wishart 30 1 2 2
3 Morgan Rielly Ludwig Bystrom 20 1 2 2
4 Jon Merrill Colton Parayko 10 1 2 2
PowerPlay Forward
Center Left Wing Right Wing Time % Phy DF OF
1 Jean-Gabriel Pageau Kyle Clifford Pierre-Alexandre Parentea50 1 2 2
2 Tyler Toffoli Teuvo Teravainen Connor Brown 50 1 2 2
PowerPlay Defense
Defense Defense Time % Phy DF OF
1 Jon Merrill Colton Parayko 60 1 2 2
2 Bobby Sanguinetti Morgan Rielly 40 1 2 2
Penalty Kill 4 Players Forward
Center Wing Time % Phy DF OF
1 Kyle Clifford Eric Wellwood 60 1 2 2
2 Jean-Gabriel Pageau Tyler Toffoli 40 1 2 2
Penalty Kill 4 Players Defense
Defense Defense Time % Phy DF OF
1 Jon Merrill Colton Parayko 60 1 2 2
2 Bobby Sanguinetti Ty Wishart 40 1 2 2
Penalty Kill - 3 Players Forward
Forward Time % Phy DF OF
1 Kyle Clifford 60 1 2 2
2 Eric Wellwood 40 1 2 2
Penalty Kill - 3 Players Defense
Defense Defense Time % Phy DF OF
1 Jon Merrill Colton Parayko 60 1 2 2
2 Bobby Sanguinetti Ty Wishart 40 1 2 2
4 vs 4 Forward
Center Wing Time % Phy DF OF
1 Kyle Clifford Eric Wellwood 60 1 2 2
2 Jean-Gabriel Pageau Tyler Toffoli 40 1 2 2
4 vs 4 Defense
Defense Defense Time % Phy DF OF
1 Jon Merrill Colton Parayko 60 1 2 2
2 Bobby Sanguinetti Ty Wishart 40 1 2 2
Last Minutes Offensive
Center Left Wing Right Wing Defense Defense
Jean-Gabriel Pageau Kyle Clifford Pierre-Alexandre ParenteaJon Merrill Colton Parayko
Last Minutes Defensive
Center Left Wing Right Wing Defense Defense
Jean-Gabriel Pageau Kyle Clifford Pierre-Alexandre ParenteaJon Merrill Colton Parayko
Goaltenders
Starting : Jeff Frazee
Backup : Niklas Backstrom
Extra Forwards
Normal : Jeff Skinner, Rickard Rakell, Teuvo Teravainen - PP : Jeff Skinner, Rickard Rakell - PK : Chris Tierney
Extra Defensemen
Normal : Morgan Rielly, Ludwig Bystrom, Bobby Sanguinetti - PP : Morgan Rielly - PK : Ludwig Bystrom, Bobby Sanguinetti
Penalty Shots
Kyle Clifford, Eric Wellwood, Jean-Gabriel Pageau, Tyler Toffoli, Pierre-Alexandre Parenteau
Scratches
Christophe Lalancette (Healthy), Dalton Smith (Healthy), Matt Tennyson (Broken Bone (Right Arm) Injury), Tyler McNeely (Healthy), Igor Makarov (Healthy)
Ryan White (Healthy), Trevor Lewis (Healthy), Anthony Peluso (Healthy), Jake Muzzin (Healthy), Alec Martinez (Left Knee Injury)
Tyler Beskorowany (Healthy)
Griffins
5 vs 5 Forward
Center Left Wing Right Wing Time % Phy DF OF
1 Jamie Arniel Tye McGinn Petr Pohl 40 0 2 3
2 Devin Shore Robert Dome Ben Hanowski 30 0 2 3
3 Greg Mauldin Pontus Aberg J.T. Brown 20 0 2 3
4 Quinton Howden Jan Mursak Mike Duco 10 0 2 3
5 vs 5 Defense
Defense Defense Time % Phy DF OF
1 Lukas Krajicek Oscar Klefbom 40 1 2 2
2 Gord Baldwin Justin Braun 30 1 2 2
3 Nathan Oystrick Simon Despres 20 1 2 2
4 Nathan Oystrick Petter Granberg 10 1 2 2
PowerPlay Forward
Center Left Wing Right Wing Time % Phy DF OF
1 Jamie Arniel Robert Dome Petr Pohl 60 0 1 4
2 Devin Shore Tye McGinn Ben Hanowski 40 0 1 4
PowerPlay Defense
Defense Defense Time % Phy DF OF
1 Oscar Klefbom Lukas Krajicek 60 0 1 4
2 Petter Granberg Simon Despres 40 0 1 4
Penalty Kill 4 Players Forward
Center Wing Time % Phy DF OF
1 Jamie Arniel Petr Pohl 60 1 2 2
2 Jan Mursak Mike Duco 40 1 2 2
Penalty Kill 4 Players Defense
Defense Defense Time % Phy DF OF
1 Gord Baldwin Lukas Krajicek 60 1 2 2
2 Justin Braun Nathan Oystrick 40 1 2 2
Penalty Kill - 3 Players Forward
Forward Time % Phy DF OF
1 Jan Mursak 60 1 2 2
2 Mike Duco 40 1 2 2
Penalty Kill - 3 Players Defense
Defense Defense Time % Phy DF OF
1 Gord Baldwin Lukas Krajicek 60 1 2 2
2 Justin Braun Nathan Oystrick 40 1 2 2
4 vs 4 Forward
Center Wing Time % Phy DF OF
1 Jamie Arniel Petr Pohl 60 1 2 2
2 Greg Mauldin Tye McGinn 40 1 2 2
4 vs 4 Defense
Defense Defense Time % Phy DF OF
1 Nathan Oystrick Gord Baldwin 60 1 2 2
2 Lukas Krajicek Justin Braun 40 1 2 2
Last Minutes Offensive
Center Left Wing Right Wing Defense Defense
Jamie Arniel Tye McGinn Petr Pohl Lukas Krajicek Oscar Klefbom
Last Minutes Defensive
Center Left Wing Right Wing Defense Defense
Jamie Arniel Jan Mursak Mike Duco Gord Baldwin Nathan Oystrick
Goaltenders
Starting : Jason Missiaen
Backup : Malcolm Subban
Extra Forwards
Normal : Petr Pohl, Tye McGinn, Robert Dome - PP : Pontus Aberg, Ben Hanowski - PK : Petr Pohl
Extra Defensemen
Normal : Oscar Klefbom, Simon Despres, Petter Granberg - PP : Justin Braun - PK : Justin Braun, Simon Despres
Penalty Shots
Jamie Arniel, Jan Mursak, Ben Hanowski, Devin Shore, Robert Dome
Scratches
Vladislav Namestnikov (Healthy), Garrett Wilson (Healthy), Tanner Kero (Healthy), Greg McKegg (Healthy), Lucas Lessio (Healthy)
Kyle Lawson (Healthy), Brett Bulmer (Healthy), Stuart Percy (Healthy), Rich Clune (Healthy), Jerome Gauthier-Leduc (Healthy)
Konrad Abeltshauser (Healthy), Tomas Hyka (Healthy), Brian Hart (Healthy), Casey Wellman (Healthy), Thomas Greiss (Healthy)
% Time on Ice - Monarchs
Lines # - Real PCT - Wanted PCT - Time Play
Normal Forward
1 - 33% - 40% - 17:00
2 - 26% - 30% - 13:21
3 - 25% - 20% - 12:45
4 - 17% - 10% - 8:52
Normal Defense
1 - 38% - 40% - 19:41
2 - 35% - 30% - 18:04
3 - 23% - 20% - 12:01
4 - 4% - 10% - 2:12
PP Forward
1 - 49% - 50% - 3:35
2 - 51% - 50% - 3:40
PP Defense
1 - 63% - 60% - 4:32
2 - 37% - 40% - 2:43
PK Forward
1 - 100% - 60% - 0:47
2 - 0% - 40% - 0:00
PK Defense
1 - 100% - 60% - 0:47
2 - 0% - 40% - 0:00
PK3 Forward
1 - 0% - 60%
2 - 0% - 40%
PK3 Defense
1 - 0% - 60%
2 - 0% - 40%
44 Forward
1 - 0% - 60%
2 - 0% - 40%
44 Defense
1 - 0% - 60%
2 - 0% - 40%
Last Minute Offensive - 0:00
Last Minute Defensive - 0:00
Total
Forward - 60:00
Defense - 60:00
|
% Time on Ice - Griffins
Lines # - Real PCT - Wanted PCT - Time Play
Normal Forward
1 - 33% - 40% - 17:23
2 - 28% - 30% - 14:42
3 - 21% - 20% - 11:02
4 - 17% - 10% - 8:51
Normal Defense
1 - 29% - 40% - 15:06
2 - 29% - 30% - 15:13
3 - 24% - 20% - 12:39
4 - 17% - 10% - 9:00
PP Forward
1 - 77% - 60% - 0:36
2 - 23% - 40% - 0:11
PP Defense
1 - 100% - 60% - 0:47
2 - 0% - 40% - 0:00
PK Forward
1 - 88% - 60% - 6:21
2 - 12% - 40% - 0:54
PK Defense
1 - 55% - 60% - 3:59
2 - 45% - 40% - 3:16
PK3 Forward
1 - 0% - 60%
2 - 0% - 40%
PK3 Defense
1 - 0% - 60%
2 - 0% - 40%
44 Forward
1 - 0% - 60%
2 - 0% - 40%
44 Defense
1 - 0% - 60%
2 - 0% - 40%
Last Minute Offensive - 0:00
Last Minute Defensive - 0:00
Total
Forward - 60:00
Defense - 60:00
|
Play by Play
1st period
0:01 of 1st period - Kyle Clifford wins face-off versus Jamie Arniel in neutral zone.
0:26 of 1st period - Jamie Arniel is hit by Colton Parayko and loses puck.
0:33 of 1st period - Snap shot by Jeff Skinner.
0:33 of 1st period - Shot Misses the Net.
0:35 of 1st period - Snap shot by Tobias Rieder.
0:35 of 1st period - Stopped by Jason Missiaen with a rebound.
0:37 of 1st period - Wrist shot by Jeff Skinner.
0:37 of 1st period - Stopped by Jason Missiaen with a rebound.
0:39 of 1st period - Slapshot by Ty Wishart.
0:39 of 1st period - Stopped by Jason Missiaen without a rebound.
0:40 of 1st period - Devin Shore wins face-off versus Tyler Toffoli in Griffins zone.
0:40 of 1st period - Devin Shore is hit by Connor Brown.
0:48 of 1st period - Wrist shot by Ben Hanowski.
0:48 of 1st period - Stopped by Jeff Frazee with a rebound.
0:54 of 1st period - Wrist shot by Eric Wellwood.
0:54 of 1st period - Stopped by Jason Missiaen without a rebound.
0:55 of 1st period - Chris Tierney wins face-off versus Greg Mauldin in Griffins zone.
1:10 of 1st period - Snap shot by J.T. Brown.
1:10 of 1st period - Shot Blocked by Colton Parayko.
1:56 of 1st period - Icing by Tyler Toffoli.
1:57 of 1st period - Jamie Arniel wins face-off versus Tyler Toffoli in Monarchs zone.
2:00 of 1st period - Wrist shot by Petr Pohl.
2:00 of 1st period - Stopped by Jeff Frazee without a rebound.
2:01 of 1st period - Rickard Rakell wins face-off versus Jamie Arniel in Monarchs zone.
2:28 of 1st period - Robert Dome is hit by Jean-Gabriel Pageau and loses puck.
2:57 of 1st period - Wrist shot by Tyler Toffoli.
2:57 of 1st period - Stopped by Jason Missiaen with a rebound.
3:58 of 1st period - Snap shot by Ben Hanowski.
3:58 of 1st period - Shot Misses the Net.
4:00 of 1st period - Wrist shot by Ben Hanowski.
4:00 of 1st period - Shot Hit the Post.
4:02 of 1st period - Snap shot by Justin Braun.
4:02 of 1st period - Stopped by Jeff Frazee with a rebound.
4:04 of 1st period - Slapshot by Devin Shore.
4:04 of 1st period - Shot Blocked by Bobby Sanguinetti.
4:57 of 1st period - Icing by Simon Despres.
4:58 of 1st period - Rickard Rakell wins face-off versus Tye McGinn in Griffins zone.
5:01 of 1st period - Wrist shot by Rickard Rakell.
5:01 of 1st period - Shot Misses the Net.
5:23 of 1st period - Nathan Oystrick is hit by Kyle Clifford and loses puck.
5:29 of 1st period - Off-side.
5:30 of 1st period - Pierre-Alexandre Parenteau wins face-off versus Devin Shore in neutral zone.
5:39 of 1st period - Colton Parayko is hit by Ben Hanowski and loses puck.
6:38 of 1st period - Snap shot by Mike Duco.
6:38 of 1st period - Stopped by Jeff Frazee with a rebound.
6:40 of 1st period - Slapshot by Petter Granberg.
6:40 of 1st period - Shot Misses the Net.
6:42 of 1st period - Backhand shot by Nathan Oystrick.
6:42 of 1st period - Deflect By Jan Mursak.
6:42 of 1st period - Goal by Jan Mursak - Monarchs : 0 - Griffins : 1.
6:43 of 1st period - Jean-Gabriel Pageau wins face-off versus Jamie Arniel in neutral zone.
6:50 of 1st period - Slapshot by Kyle Clifford.
6:50 of 1st period - Stopped by Jason Missiaen without a rebound.
6:51 of 1st period - Jean-Gabriel Pageau wins face-off versus Jamie Arniel in Griffins zone.
7:02 of 1st period - Wrist shot by Kyle Clifford.
7:02 of 1st period - Shot Misses the Net.
7:04 of 1st period - Snap shot by Pierre-Alexandre Parenteau.
7:04 of 1st period - Stopped by Jason Missiaen with a rebound.
7:06 of 1st period - Snap shot by Kyle Clifford.
7:06 of 1st period - Stopped by Jason Missiaen with a rebound.
7:17 of 1st period - Off-side.
7:18 of 1st period - Tyler Toffoli wins face-off versus Devin Shore in neutral zone.
8:24 of 1st period - Slapshot by Lukas Krajicek.
8:24 of 1st period - Shot Blocked by Colton Parayko.
8:49 of 1st period - Wrist shot by Robert Dome.
8:49 of 1st period - Shot Misses the Net.
8:51 of 1st period - Backhand shot by Robert Dome.
8:51 of 1st period - Shot Misses the Net.
8:53 of 1st period - Slapshot by Simon Despres.
8:53 of 1st period - Deflect By Ben Hanowski.
8:53 of 1st period - Stopped by Jeff Frazee with a rebound.
9:11 of 1st period - Snap shot by Connor Brown.
9:11 of 1st period - Stopped by Jason Missiaen without a rebound.
9:12 of 1st period - Tyler Toffoli wins face-off versus Jamie Arniel in Griffins zone.
10:23 of 1st period - Snap shot by Petr Pohl.
10:23 of 1st period - Shot Blocked by Ty Wishart.
10:47 of 1st period - Wrist shot by Tyler Toffoli.
10:47 of 1st period - Shot Blocked by Petter Granberg.
10:49 of 1st period - Wrist shot by Eric Wellwood.
10:49 of 1st period - Stopped by Jason Missiaen with a rebound.
11:23 of 1st period - J.T. Brown is hit by Nail Yakupov and loses puck.
12:20 of 1st period - Gord Baldwin is hit by Jeff Skinner and loses puck.
13:04 of 1st period - Wrist shot by Tyler Toffoli.
13:04 of 1st period - Shot Misses the Net.
13:06 of 1st period - Backhand shot by Bobby Sanguinetti.
13:06 of 1st period - Stopped by Jason Missiaen with a rebound.
13:38 of 1st period - Pierre-Alexandre Parenteau is hit by Robert Dome and loses puck.
13:53 of 1st period - Oscar Klefbom is hit by Jean-Gabriel Pageau and loses puck.
14:36 of 1st period - Devin Shore is hit by Kyle Clifford and loses puck.
14:51 of 1st period - Snap shot by Pierre-Alexandre Parenteau.
14:51 of 1st period - Shot Blocked by Oscar Klefbom.
15:05 of 1st period - Snap shot by Ben Hanowski.
15:05 of 1st period - Stopped by Jeff Frazee with a rebound.
15:07 of 1st period - Snap shot by Devin Shore.
15:07 of 1st period - Stopped by Jeff Frazee with a rebound.
15:09 of 1st period - Slapshot by Oscar Klefbom.
15:09 of 1st period - Stopped by Jeff Frazee with a rebound.
15:13 of 1st period - Wrist shot by Ben Hanowski.
15:13 of 1st period - Goal by Ben Hanowski - Monarchs : 0 - Griffins : 2.
15:14 of 1st period - Jamie Arniel wins face-off versus Tyler Toffoli in neutral zone.
15:21 of 1st period - Wrist shot by Petr Pohl.
15:21 of 1st period - Stopped by Jeff Frazee with a rebound.
15:23 of 1st period - Wrist shot by Jamie Arniel.
15:23 of 1st period - Stopped by Jeff Frazee with a rebound.
15:25 of 1st period - Slapshot by Tye McGinn.
15:25 of 1st period - Shot Misses the Net.
15:27 of 1st period - Slapshot by Justin Braun.
15:27 of 1st period - Stopped by Jeff Frazee with a rebound.
16:07 of 1st period - Slapshot by Jeff Skinner.
16:07 of 1st period - Shot Misses the Net.
16:18 of 1st period - Off-side.
16:19 of 1st period - Tyler Toffoli wins face-off versus Jamie Arniel in neutral zone.
16:22 of 1st period - Jamie Arniel is hit by Connor Brown and loses puck.
16:29 of 1st period - Wrist shot by Tyler Toffoli.
16:29 of 1st period - Shot Misses the Net.
17:03 of 1st period - Minor Penalty to Petr Pohl for Hooking.
17:04 of 1st period - Jamie Arniel wins face-off versus Jean-Gabriel Pageau in Griffins zone.
17:15 of 1st period - Backhand shot by Pierre-Alexandre Parenteau.
17:15 of 1st period - Stopped by Jason Missiaen without a rebound.
17:16 of 1st period - Tyler Toffoli wins face-off versus Jamie Arniel in Griffins zone.
17:21 of 1st period - Wrist shot by Tyler Toffoli.
17:21 of 1st period - Shot Misses the Net.
17:23 of 1st period - Slapshot by Teuvo Teravainen.
17:23 of 1st period - Deflect By Tye McGinn.
17:23 of 1st period - Shot Misses the Net.
17:23 of 1st period - Puck is out of play.
17:24 of 1st period - Teuvo Teravainen wins face-off versus Jamie Arniel in Griffins zone.
17:25 of 1st period - Wrist shot by Connor Brown.
17:25 of 1st period - Stopped by Jason Missiaen with a rebound.
17:27 of 1st period - Backhand shot by Jon Merrill.
17:27 of 1st period - Stopped by Jason Missiaen with a rebound.
17:29 of 1st period - Slapshot by Colton Parayko.
17:29 of 1st period - Stopped by Jason Missiaen without a rebound.
17:30 of 1st period - Jean-Gabriel Pageau wins face-off versus Jamie Arniel in Griffins zone.
17:33 of 1st period - Wrist shot by Pierre-Alexandre Parenteau.
17:33 of 1st period - Shot Misses the Net.
17:57 of 1st period - Colton Parayko is hit by Jamie Arniel and loses puck.
18:05 of 1st period - Off-side.
18:06 of 1st period - Devin Shore wins face-off versus Jean-Gabriel Pageau in neutral zone.
18:11 of 1st period - Slapshot by Nathan Oystrick.
18:11 of 1st period - Shot Blocked by Pierre-Alexandre Parenteau.
18:19 of 1st period - Wrist shot by Kyle Clifford.
18:19 of 1st period - Stopped by Jason Missiaen with a rebound.
18:21 of 1st period - Slapshot by Bobby Sanguinetti.
18:21 of 1st period - Goal by Bobby Sanguinetti - Monarchs : 1 - Griffins : 2.
18:22 of 1st period - Jamie Arniel wins face-off versus Jean-Gabriel Pageau in neutral zone.
19:18 of 1st period - Snap shot by Ben Hanowski.
19:18 of 1st period - Shot Misses the Net.
19:36 of 1st period - Wrist shot by Kyle Clifford.
19:36 of 1st period - Stopped by Jason Missiaen with a rebound.
19:56 of 1st period - Snap shot by Ben Hanowski.
19:56 of 1st period - Stopped by Jeff Frazee with a rebound.
Goals for this period are 1 for Monarchs vs 2 for Griffins.
Shots for this period are 18 for Monarchs vs 14 for Griffins.
2nd period
0:01 of 2nd period - Jean-Gabriel Pageau wins face-off versus Jamie Arniel in neutral zone.
0:06 of 2nd period - Snap shot by Kyle Clifford.
0:06 of 2nd period - Shot Blocked by Nathan Oystrick.
0:08 of 2nd period - Slapshot by Jon Merrill.
0:08 of 2nd period - Stopped by Jason Missiaen without a rebound.
0:09 of 2nd period - Jean-Gabriel Pageau wins face-off versus Jamie Arniel in Griffins zone.
0:39 of 2nd period - Wrist shot by Pierre-Alexandre Parenteau.
0:39 of 2nd period - Shot Blocked by Nathan Oystrick.
0:39 of 2nd period - Nathan Oystrick from Griffins is injured at 0:39 of 2nd period (Herniated Disc).
0:40 of 2nd period - Tyler Toffoli wins face-off versus Jamie Arniel in Griffins zone.
0:41 of 2nd period - Snap shot by Connor Brown.
0:41 of 2nd period - Shot Misses the Net.
0:43 of 2nd period - Wrist shot by Jon Merrill.
0:43 of 2nd period - Stopped by Jason Missiaen with a rebound.
0:45 of 2nd period - Slapshot by Colton Parayko.
0:45 of 2nd period - Shot Blocked by Tye McGinn.
1:12 of 2nd period - Snap shot by Pontus Aberg.
1:12 of 2nd period - Stopped by Jeff Frazee with a rebound.
2:10 of 2nd period - Snap shot by Mike Duco.
2:10 of 2nd period - Shot Blocked by Bobby Sanguinetti.
2:12 of 2nd period - Backhand shot by Petter Granberg.
2:12 of 2nd period - Stopped by Jeff Frazee with a rebound.
2:14 of 2nd period - Slapshot by Quinton Howden.
2:14 of 2nd period - Stopped by Jeff Frazee without a rebound.
2:15 of 2nd period - Jean-Gabriel Pageau wins face-off versus Quinton Howden in Monarchs zone.
2:51 of 2nd period - Slapshot by Petr Pohl.
2:51 of 2nd period - Goal by Petr Pohl - Monarchs : 1 - Griffins : 3.
2:52 of 2nd period - Jean-Gabriel Pageau wins face-off versus Jamie Arniel in neutral zone.
3:49 of 2nd period - Snap shot by Ludwig Bystrom.
3:49 of 2nd period - Shot Misses the Net.
3:51 of 2nd period - Slapshot by Ludwig Bystrom.
3:51 of 2nd period - Deflect By Justin Braun.
3:51 of 2nd period - Stopped by Jason Missiaen with a rebound.
4:12 of 2nd period - Off-side.
4:13 of 2nd period - Petr Pohl wins face-off versus Jean-Gabriel Pageau in neutral zone.
5:05 of 2nd period - Snap shot by Rickard Rakell.
5:05 of 2nd period - Shot Misses the Net.
5:10 of 2nd period - Icing by Robert Dome.
5:11 of 2nd period - Jean-Gabriel Pageau wins face-off versus Devin Shore in Griffins zone.
5:23 of 2nd period - Minor Penalty to Jean-Gabriel Pageau for Slashing.
5:24 of 2nd period - Jamie Arniel wins face-off versus Kyle Clifford in Monarchs zone.
5:30 of 2nd period - Wrist shot by Jamie Arniel.
5:30 of 2nd period - Shot Misses the Net.
5:54 of 2nd period - Snap shot by Oscar Klefbom.
5:54 of 2nd period - Goal by Oscar Klefbom - Monarchs : 1 - Griffins : 4.
5:54 of 2nd period - Niklas Backstrom enters game.
5:55 of 2nd period - Tyler Toffoli wins face-off versus Jamie Arniel in neutral zone.
6:30 of 2nd period - Snap shot by Jean-Gabriel Pageau.
6:30 of 2nd period - Shot Misses the Net.
6:36 of 2nd period - Minor Penalty to J.T. Brown for Hooking.
6:37 of 2nd period - Tyler Toffoli wins face-off versus Jamie Arniel in Griffins zone.
6:52 of 2nd period - Snap shot by Connor Brown.
6:52 of 2nd period - Shot Misses the Net.
7:06 of 2nd period - Jamie Arniel is hit by Pierre-Alexandre Parenteau and loses puck.
7:47 of 2nd period - Simon Despres is hit by Teuvo Teravainen and loses puck.
8:36 of 2nd period - Penalty to J.T. Brown is over, J.T. Brown is back on ice.
8:36 of 2nd period - Jamie Arniel is hit by Jon Merrill and loses puck.
8:55 of 2nd period - Slapshot by J.T. Brown.
8:55 of 2nd period - Stopped by Niklas Backstrom with a rebound.
9:07 of 2nd period - Snap shot by Eric Wellwood.
9:07 of 2nd period - Shot Misses the Net.
9:09 of 2nd period - Backhand shot by Ludwig Bystrom.
9:09 of 2nd period - Stopped by Jason Missiaen with a rebound.
9:11 of 2nd period - Wrist shot by Chris Tierney.
9:11 of 2nd period - Shot Misses the Net.
9:13 of 2nd period - Slapshot by Ludwig Bystrom.
9:13 of 2nd period - Shot Misses the Net.
9:15 of 2nd period - Snap shot by Nail Yakupov.
9:15 of 2nd period - Stopped by Jason Missiaen without a rebound.
9:16 of 2nd period - Devin Shore wins face-off versus Tyler Toffoli in Griffins zone.
10:26 of 2nd period - Wrist shot by Nail Yakupov.
10:26 of 2nd period - Deflect By Teuvo Teravainen.
10:26 of 2nd period - Stopped by Jason Missiaen without a rebound.
10:27 of 2nd period - Jean-Gabriel Pageau wins face-off versus Jamie Arniel in Griffins zone.
11:25 of 2nd period - Wrist shot by J.T. Brown.
11:25 of 2nd period - Stopped by Niklas Backstrom with a rebound.
11:39 of 2nd period - Snap shot by Teuvo Teravainen.
11:39 of 2nd period - Shot Blocked by Lukas Krajicek.
11:45 of 2nd period - Slapshot by Lukas Krajicek.
11:45 of 2nd period - Stopped by Niklas Backstrom with a rebound.
11:57 of 2nd period - Slapshot by Bobby Sanguinetti.
11:57 of 2nd period - Stopped by Jason Missiaen with a rebound.
11:59 of 2nd period - Snap shot by Kyle Clifford.
11:59 of 2nd period - Stopped by Jason Missiaen with a rebound.
12:01 of 2nd period - Snap shot by Jean-Gabriel Pageau.
12:01 of 2nd period - Stopped by Jason Missiaen with a rebound.
12:03 of 2nd period - Slapshot by Jean-Gabriel Pageau.
12:03 of 2nd period - Shot Misses the Net.
12:05 of 2nd period - Slapshot by Ty Wishart.
12:05 of 2nd period - Deflect By Tye McGinn.
12:05 of 2nd period - Stopped by Jason Missiaen with a rebound.
12:23 of 2nd period - Slapshot by Ben Hanowski.
12:23 of 2nd period - Stopped by Niklas Backstrom without a rebound.
12:24 of 2nd period - Tyler Toffoli wins face-off versus Devin Shore in Monarchs zone.
12:24 of 2nd period - Tyler Toffoli is hit by Devin Shore.
12:49 of 2nd period - Pierre-Alexandre Parenteau is hit by Jamie Arniel and loses puck.
13:02 of 2nd period - Snap shot by Jamie Arniel.
13:02 of 2nd period - Goal by Jamie Arniel - Monarchs : 1 - Griffins : 5.
13:03 of 2nd period - Jamie Arniel wins face-off versus Jean-Gabriel Pageau in neutral zone.
13:08 of 2nd period - Slapshot by Jamie Arniel.
13:08 of 2nd period - Shot Blocked by Kyle Clifford.
13:12 of 2nd period - Wrist shot by Jamie Arniel.
13:12 of 2nd period - Shot Misses the Net.
13:16 of 2nd period - Snap shot by Tye McGinn.
13:16 of 2nd period - Stopped by Niklas Backstrom with a rebound.
14:08 of 2nd period - Colton Parayko is hit by Petter Granberg and loses puck.
14:27 of 2nd period - Pierre-Alexandre Parenteau is hit by Petr Pohl.
14:53 of 2nd period - Wrist shot by Ben Hanowski.
14:53 of 2nd period - Shot Misses the Net.
14:55 of 2nd period - Slapshot by Lukas Krajicek.
14:55 of 2nd period - Stopped by Niklas Backstrom with a rebound.
14:57 of 2nd period - Slapshot by Lukas Krajicek.
14:57 of 2nd period - Shot Misses the Net.
14:59 of 2nd period - Slapshot by Robert Dome.
14:59 of 2nd period - Goal by Robert Dome - Monarchs : 1 - Griffins : 6.
15:00 of 2nd period - Jean-Gabriel Pageau wins face-off versus Jamie Arniel in neutral zone.
15:09 of 2nd period - Wrist shot by Petr Pohl.
15:09 of 2nd period - Goal by Petr Pohl - Monarchs : 1 - Griffins : 7.
15:10 of 2nd period - Jamie Arniel wins face-off versus Jean-Gabriel Pageau in neutral zone.
15:35 of 2nd period - Ludwig Bystrom is hit by Lukas Krajicek and loses puck.
16:00 of 2nd period - Snap shot by Greg Mauldin.
16:00 of 2nd period - Deflect By J.T. Brown.
16:00 of 2nd period - Stopped by Niklas Backstrom without a rebound.
16:01 of 2nd period - Greg Mauldin wins face-off versus Chris Tierney in Monarchs zone.
16:12 of 2nd period - Wrist shot by Teuvo Teravainen.
16:12 of 2nd period - Stopped by Jason Missiaen with a rebound.
16:14 of 2nd period - Snap shot by Chris Tierney.
16:14 of 2nd period - Shot Misses the Net.
16:16 of 2nd period - Slapshot by Jon Merrill.
16:16 of 2nd period - Shot Blocked by Simon Despres.
17:06 of 2nd period - Snap shot by Mike Duco.
17:06 of 2nd period - Deflect By Jan Mursak.
17:06 of 2nd period - Stopped by Niklas Backstrom with a rebound.
17:08 of 2nd period - Slapshot by Jan Mursak.
17:08 of 2nd period - Goal by Jan Mursak - Monarchs : 1 - Griffins : 8.
17:08 of 2nd period - Jeff Frazee enters game.
17:09 of 2nd period - Pierre-Alexandre Parenteau wins face-off versus Jamie Arniel in neutral zone.
17:25 of 2nd period - Icing by Tye McGinn.
17:26 of 2nd period - Tye McGinn wins face-off versus Tyler Toffoli in Griffins zone.
17:31 of 2nd period - Eric Wellwood is hit by Jamie Arniel.
18:36 of 2nd period - Snap shot by Teuvo Teravainen.
18:36 of 2nd period - Stopped by Jason Missiaen without a rebound.
18:37 of 2nd period - Chris Tierney wins face-off versus Quinton Howden in Griffins zone.
18:56 of 2nd period - Slapshot by Bobby Sanguinetti.
18:56 of 2nd period - Stopped by Jason Missiaen without a rebound.
18:57 of 2nd period - Jean-Gabriel Pageau wins face-off versus Jamie Arniel in Griffins zone.
19:04 of 2nd period - Snap shot by Kyle Clifford.
19:04 of 2nd period - Shot Blocked by Jamie Arniel.
19:06 of 2nd period - Snap shot by Morgan Rielly.
19:06 of 2nd period - Shot Blocked by Justin Braun.
19:40 of 2nd period - Minor Penalty to Petr Pohl for Interference.
19:41 of 2nd period - Tyler Toffoli wins face-off versus Jamie Arniel in Griffins zone.
19:42 of 2nd period - Snap shot by Connor Brown.
19:42 of 2nd period - Stopped by Jason Missiaen without a rebound.
19:43 of 2nd period - Jamie Arniel wins face-off versus Tyler Toffoli in Griffins zone.
Goals for this period are 0 for Monarchs vs 6 for Griffins.
Shots for this period are 14 for Monarchs vs 17 for Griffins.
3rd period
0:01 of 3rd period - Jamie Arniel wins face-off versus Pierre-Alexandre Parenteau in neutral zone.
0:14 of 3rd period - Wrist shot by Kyle Clifford.
0:14 of 3rd period - Stopped by Jason Missiaen with a rebound.
0:16 of 3rd period - Snap shot by Jon Merrill.
0:16 of 3rd period - Shot Misses the Net.
1:40 of 3rd period - Penalty to Petr Pohl is over, Petr Pohl is back on ice.
2:12 of 3rd period - Bobby Sanguinetti is hit by Petter Granberg and loses puck.
3:01 of 3rd period - Eric Wellwood is hit by Petter Granberg and loses puck.
3:41 of 3rd period - Justin Braun is hit by Connor Brown and loses puck.
4:02 of 3rd period - Pontus Aberg is hit by Eric Wellwood and loses puck.
4:15 of 3rd period - Morgan Rielly is hit by Simon Despres and loses puck.
4:44 of 3rd period - Icing by Oscar Klefbom.
4:45 of 3rd period - Tyler Toffoli wins face-off versus Quinton Howden in Griffins zone.
5:11 of 3rd period - Minor Penalty to Petr Pohl for Tripping.
5:12 of 3rd period - Jamie Arniel wins face-off versus Jean-Gabriel Pageau in Griffins zone.
5:26 of 3rd period - Snap shot by Pierre-Alexandre Parenteau.
5:26 of 3rd period - Stopped by Jason Missiaen without a rebound.
5:27 of 3rd period - Jamie Arniel wins face-off versus Tyler Toffoli in Griffins zone.
5:52 of 3rd period - Lukas Krajicek is hit by Kyle Clifford and loses puck.
6:47 of 3rd period - Pontus Aberg is hit by Colton Parayko and loses puck.
7:11 of 3rd period - Penalty to Petr Pohl is over, Petr Pohl is back on ice.
7:32 of 3rd period - Bobby Sanguinetti is hit by Petter Granberg and loses puck.
8:03 of 3rd period - Devin Shore is hit by Bobby Sanguinetti and loses puck.
9:14 of 3rd period - Snap shot by Ben Hanowski.
9:14 of 3rd period - Shot Misses the Net.
9:26 of 3rd period - Jamie Arniel is hit by Jean-Gabriel Pageau and loses puck.
9:39 of 3rd period - Teuvo Teravainen is hit by Mike Duco and loses puck.
10:14 of 3rd period - Devin Shore is hit by Pierre-Alexandre Parenteau and loses puck.
10:31 of 3rd period - Tye McGinn is hit by Jon Merrill.
10:46 of 3rd period - Mike Duco is hit by Jeff Skinner and loses puck.
11:35 of 3rd period - Snap shot by Connor Brown.
11:35 of 3rd period - Goal by Connor Brown - Monarchs : 2 - Griffins : 8.
11:36 of 3rd period - Petr Pohl wins face-off versus Jean-Gabriel Pageau in neutral zone.
11:46 of 3rd period - Icing by Pierre-Alexandre Parenteau.
11:47 of 3rd period - Jean-Gabriel Pageau wins face-off versus Jamie Arniel in Monarchs zone.
11:47 of 3rd period - Jean-Gabriel Pageau is hit by Petr Pohl.
12:18 of 3rd period - Kyle Clifford is hit by Oscar Klefbom and loses puck.
12:57 of 3rd period - Rickard Rakell is hit by Petr Pohl and loses puck.
13:45 of 3rd period - Wrist shot by J.T. Brown.
13:45 of 3rd period - Stopped by Jeff Frazee with a rebound.
13:47 of 3rd period - Slapshot by Simon Despres.
13:47 of 3rd period - Shot Blocked by Bobby Sanguinetti.
14:52 of 3rd period - Snap shot by Greg Mauldin.
14:52 of 3rd period - Shot Blocked by Rickard Rakell.
15:04 of 3rd period - Devin Shore is hit by Jon Merrill and loses puck.
15:28 of 3rd period - Gord Baldwin is hit by Ty Wishart and loses puck.
15:46 of 3rd period - Pontus Aberg is hit by Jon Merrill and loses puck.
16:06 of 3rd period - Morgan Rielly is hit by Petter Granberg and loses puck.
16:11 of 3rd period - Snap shot by Jan Mursak.
16:11 of 3rd period - Shot Misses the Net.
16:29 of 3rd period - Wrist shot by Teuvo Teravainen.
16:29 of 3rd period - Shot Blocked by Oscar Klefbom.
16:31 of 3rd period - Slapshot by Ludwig Bystrom.
16:31 of 3rd period - Shot Misses the Net.
17:18 of 3rd period - Off-side.
17:19 of 3rd period - Rickard Rakell wins face-off versus Devin Shore in neutral zone.
17:23 of 3rd period - Off-side.
17:24 of 3rd period - Devin Shore wins face-off versus Rickard Rakell in neutral zone.
18:37 of 3rd period - Wrist shot by Jan Mursak.
18:37 of 3rd period - Stopped by Jeff Frazee with a rebound.
18:39 of 3rd period - Snap shot by Gord Baldwin.
18:39 of 3rd period - Shot Blocked by Ty Wishart.
18:54 of 3rd period - Jeff Skinner is hit by Robert Dome and loses puck.
19:09 of 3rd period - Ludwig Bystrom is hit by Jamie Arniel and loses puck.
19:31 of 3rd period - Rickard Rakell is hit by Lukas Krajicek and loses puck.
19:43 of 3rd period - Minor Penalty to Ludwig Bystrom for Holding.
19:44 of 3rd period - Jamie Arniel wins face-off versus Kyle Clifford in Monarchs zone.
19:44 of 3rd period - Wrist shot by Petr Pohl.
19:44 of 3rd period - Stopped by Jeff Frazee without a rebound.
19:45 of 3rd period - Robert Dome wins face-off versus Eric Wellwood in Monarchs zone.
Goals for this period are 1 for Monarchs vs 0 for Griffins.
Shots for this period are 3 for Monarchs vs 3 for Griffins.
Back to the Top